 Dungeon Crawl Stone Soup version 0.31.0-32-g396128a36d (webtiles) character file.

Game seed: 10028202549763121020

3 James the Vexing (level 1, 0/9 HPs)
             Began as a Felid Enchanter on Apr 20, 2024.
             Slain by a jackal (2 damage)
             ... on level 1 of the Dungeon.
             The game lasted 00:00:34 (76 turns).

James the Vexing (Felid Enchanter)                    Turns: 76, Time: 00:00:34

Health: 0/9        AC:  1    Str:  4    XL:     1   Next: 41%
Magic:  4/4        EV: 17    Int: 18    God:
Gold:   7          SH:  0    Dex: 16    Spells: 4/4 levels left
                                        Lives:  0   Deaths: 1

rFire   . .          .
                       - Unarmed
rCold   . . .        (shield unavailable)
rNeg    . . .        (body armour unavailable)
rPois   .            (helmet unavailable)
rElec   .            (cloak unavailable)
rCorr   .            (gloves unavailable)
SInv    +            (boots unavailable)
Will    .....        (no amulet)
Stlth   +++          (no ring)
HPRegen 0.21/turn    (no ring)
MPRegen 0.09/turn

%: no passive effects
@: no status effects
A: very small, claws 1, fangs 3, see invisible, shaggy fur 1, stealthy paws, no
weapons or thrown items, no armour, multi-lived
a: no special abilities


You were on level 1 of the Dungeon.
You visited 1 branch of the dungeon, and saw 1 of its levels.

You collected 7 gold pieces.

Inventory:

Potions
 a - 2 potions of invisibility


   Skills:
 - Level 2.6 Dodging
 - Level 4.0 Stealth
 + Level 1.5 Unarmed Combat
 - Level 2.0 Spellcasting
 - Level 4.4 Hexes


You had 4 spell levels left.
You didn't know any spells.
Your spell library contained the following spells:

 Spells                   Type           Power      Damage    Failure   Level
 Confusing Touch          Hex            17%        N/A       9%          3
 Tukima's Dance           Hex            17%        N/A       9%          3
 Ensorcelled Hibernation  Hex/Ice        18%        N/A       11%         2
 Dazzling Flash           Conj/Hex       18%        N/A       22%         3


Dungeon Overview and Level Annotations

Branches:
Dungeon (1/15)

Altars:


Innate Abilities, Weirdness & Mutations

You have sharp claws.
You have razor-sharp teeth.
You have supernaturally acute eyesight. (SInv)
You are covered in fur. (AC +1)
Your paws help you pounce on unaware monsters.
You are incapable of wielding weapons or throwing items.
You cannot wear armour.
You gain extra lives every three experience levels.


Message History

The ball python attacks as it pursues you!
The ball python bites you.
* * * LOW HITPOINT WARNING * * *
The ball python misses you. The bat barely misses you. The bat misses you.
The ball python attacks as it pursues you!
The ball python closely misses you. x2
You scratch the ball python but do no damage.
The ball python closely misses you. x2; The ball python bites you.
* * * LOW HITPOINT WARNING * * *
The ball python completely misses you.
You scratch the ball python.
You kill the ball python!
The bat closely misses you.
You barely miss the bat. The bat closely misses you.
The bat hits you but does no damage.
You closely miss the bat. Your claw misses the bat. The bat closely misses you.
The bat hits you.
* * * LOW HITPOINT WARNING * * *
You closely miss the bat. The bat barely misses you.
You barely miss the bat. The bat misses you.
You scratch the bat but do no damage. The bat hits you.
* * * LOW HITPOINT WARNING * * *
The bat closely misses you.
You scratch the bat.
You kill the bat!
You closely miss the jackal. The jackal misses you.
You scratch the jackal. The jackal closely misses you.
You miss the jackal. The jackal bites you.
You die...
The jackal barely misses you.
You rejoin the land of the living...
Found 7 gold pieces.
You now have 7 gold pieces.
A jackal is nearby!
The jackal misses you. The jackal closely misses you.
You scratch the jackal. The jackal completely misses you. The jackal bites you.
The jackal barely misses you. The jackal bites you. The jackal bites you.
The jackal closely misses you. The jackal bites you.
* * * LOW HITPOINT WARNING * * *
The jackal bites you.
* * * LOW HITPOINT WARNING * * *
The jackal closely misses you. The jackal bites you.
* * * LOW HITPOINT WARNING * * *
The jackal bites you.
You die...

#♣♣#♣.#
#♣..♣.♣#
♣<...♣#
#♣♣#♣.# ##.#
#.## #.# #h#
#@### #...###
###...# ###.#
#.#
#.##########
#..........###
#######.......
#....###


You could see a jackal.

Vanquished Creatures
  A ball python (D:1)
  A goblin (D:1)
  A bat (D:1)
3 creatures vanquished.

Notes
Turn   | Place    | Note
-------+----------+-------------------------------------------
     0 | D:1      | James the Felid Enchanter began the quest for the Orb.
     0 | D:1      | Reached XP level 1. HP: 9/9 MP: 4/4
    51 | D:1      | Slain by a jackal
    51 | D:1      | Lost a life (0 lives remaining)
    76 | D:1      | Slain by a jackal

Illustrated notes

Levels and vault maps discovered:
D:1:      pf_arrival_petrified_forest, layout_basic

Action                     || total
---------------------------++-------
  Melee: Unarmed           ||    15
 Armour: Skin              ||    16
  Dodge: Dodged            ||    36
